Map: [ESL] Oceanborn

Players

Cham

  • Race: Zerg Zerg
  • Spawn Location: 11:00

Kelazhur - Winner!

  • Race: Terran Terran
  • Spawn Location: 5:00

Event: ESL SC2 Masters 2023 Winter (Regional)

VOD

Have the link to the VOD?

Description

Time

  • Played on: Nov. 18, 2023, 12:37 p.m.
  • Length: 17:49

All games in this series

Show
View Real Time Build Order
Export as new Build Order

Cham Zerg 

Build Orders: Hatch First 

Get SALT Encoding   

  12  0:00  Drone  
  13  0:12  Overlord  
  13  0:22  Drone  
  14  0:30  Drone x2  
  16  0:49  Hatchery  
  15  0:51  Drone  
  15  0:55  Drone  
  17  0:58  Drone  
  18  1:12  Spawning Pool  
  18  1:13  Extractor  
  18  1:16  Drone  
  17  1:19  Drone  
  18  1:27  Drone  
  19  1:38  Drone  
  20  1:49  Drone  
  21  2:00  Queen x2  
  25  2:02  Zergling x4  
  27  2:11  Overlord  
  27  2:12  Drone  
  27  2:13  Metabolic Boost  
  28  2:21  Spore Crawler  
  27  2:23  Drone  
  29  2:31  Drone  
  29  2:34  Drone  
  31  2:40  Queen x2  
  35  2:44  Drone  
  35  2:45  Overlord  
  35  2:50  Overlord  
  33  3:07  Drone x4  
  37  3:18  Drone x5  
  40  3:21  Drone x2  
  42  3:27  Drone  
  42  3:32  Lair  
  43  3:35  Drone  
  43  3:39  Extractor  
  43  3:40  Extractor  
  42  3:42  Drone x2  
  44  3:50  Drone, Roach Warren  
  44  3:51  Drone x3  
  47  3:58  Extractor, Overlord  
  47  3:59  Drone x2  
  47  4:02  Drone  
  49  4:03  Drone  
  49  4:07  Drone  
  51  4:17  Hatchery  
  50  4:21  Drone  
  50  4:22  Drone  
  52  4:24  Overlord  
  52  4:26  Overlord  
  52  4:29  Glial Reconstitution  
  52  4:38  Overlord x2  
  52  4:46  Roach x3  
  52  4:51  Roach x2  
  62  4:53  Roach  
  62  4:56  Roach  
  62  4:58  Roach  
  68  5:00  Roach  
  68  5:03  Overlord  
  68  5:05  Roach  
  72  5:08  Roach  
  72  5:09  Roach  
  72  5:13  Overlord  
  76  5:16  Overlord  
  68  5:22  Roach  
  68  5:25  Drone  
  70  5:29  Drone x2  
  70  5:30  Drone x2  
  70  5:34  Overlord  
  70  5:35  Drone  
  75  5:36  Drone  
  75  5:38  Drone  
  75  5:40  Drone x2  
  79  5:44  Evolution Chamber x2  
  79  5:47  Drone  
  79  5:49  Drone  
  79  5:51  Drone  
  79  5:53  Drone  
  81  5:59  Drone  
  82  6:04  Hatchery  
  82  6:05  Baneling Nest  
  82  6:07  Drone x3  
  82  6:11  Roach x2  
  87  6:15  Roach x2  
  87  6:17  Overlord  
  91  6:23  Roach x3  
  97  6:27  Zerg Ground Armor Level 1  
  97  6:29  Zerg Missile Weapons Level 1  
  97  6:33  Ravager x4  
  97  6:34  Roach  
  97  6:35  Roach  
  97  6:37  Overlord  
  97  6:39  Roach  
  107  6:42  Drone  
  107  6:43  Drone x2  
  107  6:45  Zergling x2  
  107  6:46  Zergling x4  
  113  6:50  Centrifugal Hooks  
  113  6:52  Drone  
  113  6:54  Infestation Pit  
  113  6:56  Zergling x4  
  113  6:57  Zergling x4  
  117  7:01  Drone  
  117  7:02  Drone x4  
  117  7:05  Baneling  
  117  7:06  Baneling x4  
  123  7:08  Drone x3  
  123  7:09  Drone  
  126  7:16  Zergling x8  
  126  7:17  Zergling x2  
  126  7:19  Drone x2  
  126  7:20  Drone x2  
  134  7:27  Drone  
  134  7:28  Overlord  
  134  7:29  Overlord  
  135  7:31  Hive  
  135  7:36  Extractor  
  134  7:38  Extractor  
  134  7:39  Overlord  
  133  7:44  Hatchery  
  133  7:46  Drone x3  
  133  7:47  Drone x2  
  133  7:48  Drone  
  133  7:49  Zergling x10  
  143  7:53  Zergling x6  
  146  7:59  Zergling x12, Spore Crawler  
  146  8:04  Ravager x2  
  146  8:05  Zergling x4  
  155  8:07  Overlord  
  155  8:10  Zergling x8  
  159  8:16  Baneling x2  
  159  8:17  Baneling x8  
  159  8:19  Overlord x4  
  159  8:21  Baneling x3  
  158  8:27  Zergling x2  
  158  8:28  Zergling x12  
  158  8:31  Zergling x4  
  158  8:32  Overlord  
  167  8:36  Spore Crawler, Spine Crawler  
  167  8:37  Drone x2  
  167  8:47  Zerg Ground Armor Level 2  
  167  8:48  Zerg Melee Weapons Level 1  
  165  8:49  Zergling x18  
  165  8:51  Baneling  
  165  8:52  Baneling x2  
  165  8:53  Zergling x2  
  165  8:54  Zergling x6  
  176  9:01  Adrenal Glands  
  176  9:03  Ultralisk Cavern  
  176  9:09  Drone x7  
  182  9:10  Viper  
  182  9:11  Viper  
  182  9:14  Zergling x4  
  182  9:15  Zergling x2  
  191  9:21  Zergling x2  
  191  9:22  Zergling x10  
  189  9:26  Zergling x4  
  189  9:28  Baneling  
  189  9:29  Baneling x4  
  191  9:32  Overlord  
  191  9:34  Drone x2  
  191  9:35  Spine Crawler  
  191  9:38  Zergling x16  
  190  9:52  Zergling x2  
  166  9:53  Zergling x10  
  166  9:59  Baneling  
  148  10:00  Baneling x2  
  148  10:01  Zergling x16  
  148  10:03  Queen  
  156  10:07  Zergling x20  
  156  10:09  Chitinous Plating  
  165  10:16  Baneling x3  
  165  10:19  Ultralisk x2  
  165  10:20  Zergling x2, Ultralisk  
  183  10:23  Baneling  
  183  10:24  Baneling x8  
  183  10:35  Baneling  
  166  10:36  Zergling x22  
  161  10:52  Zergling x2  
  161  10:53  Zergling x18, Extractor  
  163  11:06  Zergling x2, Baneling x2  
  163  11:07  Zergling x14  
  163  11:09  Zerg Ground Armor Level 3, Zerg Melee Weapons Level 2  
  170  11:13  Overlord  
  170  11:14  Overseer  
  170  11:15  Drone x2  
  172  11:18  Drone  
  172  11:21  Extractor  
  172  11:22  Extractor  
  171  11:28  Zergling x24, Anabolic Synthesis  
  171  11:29  Hatchery  
  171  11:31  Baneling x10  
  181  11:37  Baneling x5  
  176  11:44  Zergling x4  
  176  11:45  Zergling x14  
  185  11:51  Overseer  
  174  11:58  Pneumatized Carapace  
  174  11:59  Zergling x14  
  177  12:04  Spire  
  176  12:09  Ravager x3  
  176  12:10  Zergling x2  
  176  12:11  Zergling x10  
  164  12:28  Ultralisk  
  164  12:29  Zergling x10, Ultralisk  
  167  12:37  Zergling x10  
  167  12:41  Baneling x8  
  167  12:43  Zergling x6  
  175  12:48  Hatchery  
  175  12:49  Zergling x2  
  175  12:50  Zergling x2, Hatchery  
  174  12:52  Baneling x9  
  174  12:53  Baneling x4  
  174  12:57  Zergling x14  
  178  13:07  Zergling x8  
  178  13:09  Drone  
  178  13:11  Drone x2  
  178  13:12  Drone x2  
  184  13:15  Baneling x12  
  151  13:29  Zergling x2, Ultralisk x2  
  151  13:30  Zergling x12  
  151  13:33  Overseer  
  151  13:34  Overseer  
  158  13:38  Baneling x6  
  158  13:39  Zergling x14  
  164  13:44  Zerg Melee Weapons Level 3  
  164  13:46  Drone x4  
  164  13:47  Drone x3  
  171  13:50  Queen  
  171  13:51  Zergling x2  
  174  13:58  Overseer x2  
  174  14:01  Zergling x10  
  154  14:10  Zergling x12  
  154  14:14  Zergling x10, Ultralisk x2  
  154  14:15  Zergling x2  
  178  14:18  Baneling x3  
  178  14:19  Baneling x4  
  151  14:36  Drone x2  
  151  14:37  Zergling x2, Ultralisk  
  151  14:38  Zergling x16, Ultralisk  
  161  14:42  Queen  
  161  14:44  Baneling x8  
  160  14:48  Zergling x10  
  156  14:58  Overseer  
  155  15:00  Zergling x16  
  155  15:02  Zergling x4  
  155  15:04  Baneling x8  
  155  15:06  Overseer  
  163  15:10  Zergling x2, Ultralisk  
  163  15:12  Zergling x4  
  172  15:15  Zergling x2  
  172  15:16  Zergling x6  
  172  15:19  Zergling x6  
  179  15:23  Zerg Flyer Weapons Level 1  
  179  15:25  Corruptor  
  179  15:28  Corruptor  
  181  15:32  Corruptor  
  187  15:40  Baneling x8  
  187  15:41  Zergling x2  
  187  15:42  Zergling x8  
  181  15:51  Zergling x8  
  181  15:52  Zergling x4  
  164  15:59  Zergling x6  
  164  16:00  Zergling x10  
  142  16:05  Zergling x4  
  142  16:06  Zergling x2  
  142  16:07  Zergling x2  
  142  16:08  Zergling x4  
  142  16:10  Zergling x2  
  142  16:11  Zergling x2  
  114  16:22  Zergling x6, Ultralisk  
  114  16:24  Zergling x2  
  114  16:25  Zergling x2  
  106  16:34  Ultralisk  
  106  16:35  Zergling x2  
  106  16:36  Zergling x2  
  106  16:38  Zergling x4  
  102  16:44  Zergling x4  
  102  16:45  Baneling Nest  
  105  16:47  Roach  
  105  16:49  Roach  
  105  16:51  Roach  
  111  16:54  Roach  
  111  16:56  Roach  
  111  16:58  Zergling x2, Roach  
  110  17:03  Roach x2  
  110  17:04  Roach  
  110  17:06  Roach  
  110  17:08  Roach  
  112  17:12  Roach  
  116  17:16  Roach  
  107  17:24  Ravager  
  107  17:25  Ravager x4  
  107  17:26  Zergling x8  
  107  17:29  Roach  
  119  17:30  Zergling x2  
Show
View Real Time Build Order
Export as new Build Order

Kelazhur Terran - Winner!

Build Orders:  

Get SALT Encoding   

  12  0:00  SCV  
  13  0:12  SCV  
  14  0:17  Supply Depot  
  14  0:24  SCV  
  15  0:39  Barracks, SCV  
  16  0:44  Refinery  
  16  0:51  SCV  
  17  0:59  Barracks  
  17  1:03  SCV  
  18  1:15  SCV  
  19  1:27  Orbital Command, Reaper  
  19  1:31  Supply Depot  
  20  1:46  Reaper  
  21  1:53  SCV  
  22  2:04  Reaper  
  22  2:05  SCV  
  24  2:10  Command Center  
  24  2:17  SCV  
  24  2:21  Barracks Reactor  
  25  2:24  Barracks  
  25  2:29  SCV  
  26  2:41  SCV  
  27  2:44  Barracks Tech Lab  
  27  2:47  Supply Depot  
  27  2:53  SCV  
  28  2:58  Marine  
  28  2:59  Marine  
  30  3:05  SCV  
  30  3:06  Marine  
  30  3:10  Stimpack  
  30  3:11  Marine  
  32  3:16  Marine  
  32  3:18  SCV  
  32  3:19  Marine  
  35  3:24  Marine  
  35  3:27  Engineering Bay  
  35  3:29  Orbital Command  
  35  3:30  SCV  
  35  3:32  Barracks Tech Lab  
  36  3:39  Marine  
  36  3:40  Marine  
  38  3:42  SCV  
  38  3:44  Marine  
  40  3:51  Marine  
  40  3:54  SCV  
  43  3:55  SCV  
  43  3:56  Combat Shield  
  43  3:59  Marine  
  43  4:00  Marine  
  45  4:03  Marine  
  45  4:06  SCV  
  45  4:07  SCV  
  45  4:08  Supply Depot  
  45  4:09  Marine  
  49  4:17  Marine  
  49  4:18  SCV  
  49  4:19  SCV  
  49  4:22  Marine x2  
  54  4:30  SCV, Supply Depot  
  55  4:31  Terran Infantry Weapons Level 1  
  55  4:32  Marine, SCV  
  55  4:35  Marine  
  58  4:38  Supply Depot  
  58  4:40  Marine x2  
  58  4:42  SCV  
  61  4:48  SCV  
  61  4:51  Marine  
  63  4:53  Marine  
  63  4:56  SCV  
  63  4:57  Marine  
  63  4:58  Command Center, Supply Depot, Marine  
  67  5:00  SCV  
  68  5:08  SCV  
  68  5:09  Marine  
  68  5:12  Marine, SCV  
  72  5:15  Marine  
  72  5:18  Marauder  
  72  5:21  SCV  
  69  5:24  SCV  
  69  5:27  Marauder, Refinery x2  
  70  5:29  Factory  
  70  5:30  Marine  
  70  5:33  Supply Depot, SCV  
  70  5:34  Marine  
  70  5:35  Refinery  
  73  5:36  SCV  
  73  5:41  Marauder  
  76  5:45  SCV  
  76  5:48  SCV  
  77  5:51  Marauder  
  77  5:54  Barracks  
  77  5:57  Barracks, SCV  
  79  5:58  Marine x2  
  79  6:00  SCV  
  79  6:02  Marauder  
  85  6:06  Concussive Shells  
  85  6:09  SCV  
  85  6:10  Supply Depot  
  85  6:12  Marauder  
  85  6:14  Orbital Command  
  85  6:16  Starport  
  87  6:18  Factory Reactor  
  87  6:20  Marine  
  87  6:21  Marine  
  87  6:24  Marauder  
  91  6:29  SCV  
  91  6:30  SCV  
  91  6:32  Orbital Command  
  93  6:34  Marauder  
  93  6:35  Supply Depot  
  93  6:38  Terran Infantry Armor Level 1  
  95  6:42  Barracks Reactor, Supply Depot, SCV x2  
  95  6:43  Marine x2  
  99  6:49  Marauder  
  99  6:50  Barracks Reactor  
  101  6:54  SCV x2  
  101  6:55  Refinery  
  101  7:00  SCV  
  106  7:01  Marauder  
  106  7:02  Medivac  
  106  7:03  Medivac  
  106  7:04  Marine x2  
  106  7:06  Factory Tech Lab  
  112  7:09  SCV x2  
  112  7:12  SCV  
  112  7:13  Marauder  
  117  7:16  Missile Turret  
  117  7:20  Supply Depot, Marine x2  
  117  7:21  SCV  
  117  7:22  Marine x2  
  124  7:23  SCV, Marauder  
  124  7:24  SCV  
  124  7:26  Siege Tank  
  124  7:27  Marine x2  
  131  7:30  Refinery  
  131  7:33  Supply Depot  
  131  7:35  Supply Depot, Medivac  
  133  7:41  Medivac, Marine x2  
  133  7:42  SCV x2, Marauder  
  141  7:45  Supply Depot  
  141  7:52  Armory  
  141  7:54  Marine x4  
  141  7:55  SCV  
  145  8:00  Marauder  
  145  8:05  Marine x2, Medivac  
  155  8:06  Marauder  
  155  8:12  Command Center  
  152  8:14  SCV x2  
  152  8:15  Supply Depot  
  152  8:16  Factory  
  152  8:19  Factory Reactor, Marine x4  
  158  8:21  Medivac  
  160  8:29  Marauder  
  160  8:34  Marauder, Marine x2  
  161  8:37  SCV x3  
  161  8:39  Terran Infantry Weapons Level 2  
  161  8:40  Supply Depot  
  161  8:41  Supply Depot  
  164  8:56  Marine  
  164  8:57  Marauder  
  164  9:01  Widow Mine x3, Drilling Claws  
  164  9:02  Marine x2, Medivac x2  
  177  9:06  Supply Depot x2  
  179  9:12  Marine x2  
  179  9:13  Marauder  
  183  9:21  SCV  
  183  9:24  Marauder, Marine  
  181  9:29  Widow Mine x3  
  188  9:32  Medivac x2  
  191  9:42  Marine  
  191  9:43  SCV, Marauder  
  191  9:44  SCV  
  191  9:51  Widow Mine x2  
  169  9:53  Marauder  
  169  9:56  Marine x5  
  169  9:59  Widow Mine  
  156  10:00  Marine  
  156  10:02  Medivac x2  
  156  10:04  Marauder  
  163  10:11  SCV x3  
  163  10:13  Marine  
  163  10:14  Marauder, Marine  
  167  10:17  Planetary Fortress, Marine  
  167  10:21  Barracks x2  
  168  10:23  SCV x2, Marine  
  168  10:24  Barracks  
  168  10:26  Marauder  
  173  10:35  Marauder, Marine x5  
  174  10:41  Marine, Widow Mine x2  
  179  10:44  Liberator x2  
  179  10:47  Marauder  
  180  10:53  Marine x3  
  180  10:56  Marine  
  180  10:57  Marauder, Marine  
  183  10:59  Marine  
  183  11:00  Terran Infantry Weapons Level 3, Engineering Bay  
  183  11:03  Widow Mine x3  
  191  11:08  Marine, SCV x4  
  191  11:10  Marine  
  191  11:11  Marine  
  198  11:16  Marine x2  
  200  11:22  Barracks Tech Lab x2, Ghost Academy  
  200  11:24  Barracks Reactor  
  200  11:25  Barracks Tech Lab  
  200  11:31  Command Center  
  196  11:33  Widow Mine x2  
  196  11:38  Liberator  
  199  11:40  Widow Mine  
  199  11:43  Terran Infantry Armor Level 2  
  198  11:56  Widow Mine x2  
  198  11:58  Ghost x4  
  198  12:02  Sensor Tower, Missile Turret, Refinery  
  198  12:03  Refinery  
  198  12:04  Missile Turret  
  192  12:10  Command Center  
  192  12:12  Command Center  
  192  12:14  Widow Mine  
  179  12:17  Ghost, Widow Mine  
  164  12:24  Medivac x2  
  164  12:25  Widow Mine  
  164  12:26  Ghost x2, Marine x2  
  164  12:27  Marine x2  
  151  12:33  Marauder x2  
  151  12:34  Marine x2  
  151  12:35  Widow Mine, SCV  
  159  12:39  Widow Mine  
  161  12:44  Marine  
  161  12:46  Widow Mine  
  161  12:47  Marauder  
  166  12:54  Ghost  
  166  12:55  Marauder  
  166  12:57  Widow Mine  
  169  13:00  Widow Mine  
  169  13:04  Ghost  
  170  13:07  Ghost x2  
  170  13:11  Marine x4, Widow Mine  
  178  13:15  Ghost  
  178  13:18  Medivac x2, Widow Mine  
  163  13:28  Ghost  
  163  13:29  Marine  
  163  13:34  Marine, Marauder  
  161  13:37  SCV x2, Marauder x2  
  161  13:38  SCV  
  168  13:43  Terran Vehicle Weapons Level 1  
  168  13:44  Marine x3  
  168  13:45  Marine, Marauder  
  168  13:47  Marine  
  175  13:49  SCV  
  175  13:50  SCV x2  
  175  13:52  Marine, Widow Mine x2  
  175  13:55  Marauder  
  185  13:57  Marauder  
  185  13:58  Marauder x2  
  185  14:02  Marine x2  
  190  14:07  Marauder  
  184  14:10  Widow Mine  
  184  14:12  Liberator  
  184  14:13  Widow Mine  
  184  14:16  Marauder  
  193  14:18  Marine x2  
  193  14:19  Marauder x2  
  197  14:29  Marauder  
  179  14:34  Marine  
  179  14:35  Marauder  
  179  14:37  Planetary Fortress  
  164  14:52  Marauder  
  164  14:55  Widow Mine x2  
  164  14:56  Liberator x2, Marauder  
  176  15:04  Marauder  
  176  15:05  Terran Infantry Armor Level 3  
  176  15:09  Marauder, Marine  
  179  15:20  SCV x2  
  179  15:21  Marauder x2, SCV  
  178  15:28  Widow Mine x2  
  184  15:30  Widow Mine  
  184  15:33  Marine  
  187  15:35  Refinery  
  187  15:36  Refinery  
  187  15:39  Medivac x2  
  187  15:42  Marauder, Marine  
  194  15:46  Marine  
  194  15:47  Marauder  
  194  15:49  Marine, Widow Mine x2  
  193  15:50  Marauder, Marine  
  193  15:51  Widow Mine  
  193  15:53  Marine  
  193  15:54  Marauder x2, Marine  
  196  16:00  Marine  
  196  16:03  Marine  
  196  16:04  Marine  
  189  16:07  Marine x3  
  189  16:10  Planetary Fortress  
  189  16:11  Marauder, Marine x2, Widow Mine  
  178  16:15  Marauder x2  
  162  16:21  Ghost  
  152  16:28  Widow Mine  
  152  16:29  Marauder  
  153  16:33  Marauder  
  153  16:35  Marine  
  153  16:37  Marauder  
  153  16:39  Widow Mine  
  153  16:51  Marauder x2  
  157  16:55  Marauder  
  157  17:00  Orbital Command  
  151  17:10  Medivac, Widow Mine x2  
  151  17:11  Marine  
  160  17:22  Marauder  
  160  17:23  Marauder  
  160  17:26  Widow Mine  
  160  17:27  Marine  
Tags
 
Add a new tag
Caveats
  • Supply blocks, unpowered buildings, or Contaminate may cause inaccurate times.
  • Supply counts are checked every 10 seconds.